 Dungeon Crawl Stone Soup version 0.31.0-32-g396128a36d (webtiles) character file.

Game seed: 11814050794714635236

402 belegose the Slasher (level 6, -1/48 HPs)
             Began as a Demigod Warper on Apr 24, 2024.
             Slain by a gnoll
             ... wielding a +0 flail
              (6 damage)
             ... on level 4 of the Dungeon.
             The game lasted 00:12:19 (3852 turns).

belegose the Slasher (Demigod Warper)               Turns: 3852, Time: 00:12:19

Health: -1/48      AC:  5    Str: 12    XL:     6   Next: 29%
Magic:  11/11      EV: 11    Int: 23    God:
Gold:   215        SH:  0    Dex: 13    Spells: 8/8 levels left

rFire   . . .        (no weapon)
rCold   . . .        (no shield)
rNeg    . . .        o - +0 ring mail
rPois   .            (helmet currently unavailable)
rElec   .            (cloak currently unavailable)
rCorr   .            (gloves currently unavailable)
SInv    .            (boots currently unavailable)
Will    .....        (no amulet)
Stlth   +            (no ring)
HPRegen 0.28/turn    (no ring)
MPRegen 0.12/turn

%: no passive effects
@: beast-form
A: beast (slay +1), high MP 1, forlorn, divine attributes
a: Begin Untransformation


You were on level 4 of the Dungeon.
You were a hulking beast.
You visited 1 branch of the dungeon, and saw 4 of its levels.

You collected 215 gold pieces.

Inventory:

Hand Weapons
 a - a +0 falchion
 m - a +0 quarterstaff
Missiles
 d - 5 darts of dispersal
 f - 34 stones (quivered)
 q - 9 poisoned darts
Armour
 o - a +0 ring mail (worn)
 p - the +0 helmet of the Enchanted Forest {Rampage *Corrode Str+3}
   (You found it on level 3 of the Dungeon)

   Str+3:     It affects your strength (+3).
   *Corrode:  It may corrode you when you take damage.
   Rampage:   It bestows one free step when moving towards enemies.
Talismans
 b - a serpent talisman
 j - a beast talisman (active)
Wands
 r - a wand of charming (7)
Scrolls
 c - a scroll of blinking
 i - 2 scrolls of identify {unknown}
 k - a scroll of noise {unknown}
 l - a scroll of poison {unknown}
 n - a scroll of teleportation {unknown}
Potions
 e - a potion of haste
 g - a potion of magic {unknown}
 h - a potion of might {unknown}


   Skills:
 - Level 1.7 Fighting
 + Level 3.7 Long Blades
 + Level 3.2 Throwing
 - Level 0.8 Armour
 + Level 3.5 Dodging
 - Level 1.7 Spellcasting
 - Level 2.6 Translocations
 + Level 2.0 Shapeshifting


You had 8 spell levels left.
You didn't know any spells.
Your spell library contained the following spells:

 Spells                   Type           Power      Damage    Failure   Level
 Blink                    Tloc           28%        N/A       16%         2
 Lesser Beckoning         Tloc           28%        N/A       16%         2
 Sting                    Conj/Alch      8%         1d3       30%         1
 Teleport Other           Tloc           14%        N/A       30%         3
 Mercury Vapours          Alch/Air       4%         N/A       41%         2
 Manifold Assault         Tloc           14%        N/A       69%         4
 Vhi's Electric Charge    Tloc/Air       16%        N/A       86%         4
 Olgreb's Toxic Radiance  Alch           2%         N/A       96%         4


Dungeon Overview and Level Annotations

Branches:
Dungeon (4/15)
 Temple: D:4-7

Shops:
D:1 [

Annotations:
D:4 Ijyb


Innate Abilities, Weirdness & Mutations

You are a hulking beast.
Your limbs bulge with bestial killing power. (Slay +1)
You have an increased reservoir of magic. (+10% MP)
You shall have no god before yourself.
Your divine heritage dramatically boosts your attributes as you level up.


Message History

You fall asleep.
The sleepcap completely misses you. The sleepcap releases spores at you.
You wake up.
You completely miss the sleepcap.
The sleepcap is heavily damaged.
The sleepcap releases spores at you but does no damage.
You hit the sleepcap but do no damage. You punch the sleepcap.
The sleepcap is heavily damaged.
The sleepcap releases spores at you.
You are engulfed in a cloud of soporific spores!
You are unaffected.
The gnoll attacks as it pursues you! The gnoll hits you with a +0 flail.
The sleepcap misses you.
The sleepcap releases spores at you but does no damage.
You barely miss the gnoll. The gnoll hits you with a +0 flail!
You hit the gnoll but do no damage. The gnoll hits you with a +0 flail.
You hit the gnoll.
The gnoll is lightly wounded.
The gnoll hits you with a +0 flail!
* * * LOW HITPOINT WARNING * * *
You hit the gnoll.
The gnoll is moderately wounded.
The gnoll hits you but does no damage.
You hit the gnoll.
The gnoll is heavily wounded.
The gnoll hits you with a +0 flail!
* * * LOW HITPOINT WARNING * * *
You hit the gnoll.
The gnoll is heavily wounded.
The gnoll barely misses you.
You hit the gnoll.
The gnoll is heavily wounded.
The gnoll misses you.
You hit the gnoll.
The gnoll is heavily wounded.
The gnoll misses you.
You hit the gnoll.
The gnoll is severely wounded.
The gnoll hits you with a +0 flail.
You die...

#.........###...##......#...##
.f....##................#....## .
.#..<..#.#..# ..#.......).....#..
##..#....##.# #.##.....#..#......
...##.....#.###.###..###..#......
.###...#.....#..#....##..........
......###............##.........#
#......###..#....##...........###
#....##.#..###..hgf.....†.......#
....##.........#.#...#..>......##
....#.......#..####...........##
......#....###..###..........##
............##..#.......#...##
##.).......#.......#....#..##
...........#.......#...#.###
......................##.##
......................#...##


You could see a sleepcap and a gnoll.

Vanquished Creatures
  Edmund (D:3)
  A bombardier beetle (D:3)
  3 hounds (D:4)
  An orc wizard (D:3)
  A sleepcap (D:3)
  2 adders
  4 dart slugs
  3 ribbon worms
  6 orcs
  3 bats
  10 endoplasms
  3 giant cockroaches
  6 goblins
  6 hobgoblins
  4 jackals (D:2)
  10 kobolds
  3 ball pythons
  6 frilled lizards
  7 rats
80 creatures vanquished.

Vanquished Creatures (collateral kills)
  A kobold (D:4)
1 creature vanquished.

Vanquished Creatures (others)
  A ball python (D:4)
1 creature vanquished.

Grand Total: 82 creatures vanquished

Notes
Turn   | Place    | Note
-------+----------+-------------------------------------------
     0 | D:1      | belegose the Demigod Warper began the quest for the Orb.
     0 | D:1      | Reached XP level 1. HP: 17/17 MP: 5/5
    93 | D:1      | Reached skill level 1 in Throwing
   102 | D:1      | You fall into a shaft and drop 1 floor!
   358 | D:1      | Reached XP level 2. HP: 23/24 MP: 7/7
   379 | D:1      | Found Qoqej's Armour Boutique.
  1115 | D:2      | Reached XP level 3. HP: 25/29 MP: 8/8
  2083 | D:3      | Identified the +0 helmet of the Enchanted Forest {Rampage
                  | *Corrode Str+3}
  2105 | D:3      | Reached XP level 4. HP: 10/36 MP: 9/9
  2785 | D:3      | Reached skill level 1 in Shapeshifting
  2956 | D:4      | Noticed Edmund
  2966 | D:4      | Reached XP level 5. HP: 34/41 MP: 10/10
  3341 | D:4      | Noticed Ijyb
  3440 | D:3      | Killed Edmund
  3441 | D:3      | Reached XP level 6. HP: 43/48 MP: 11/11
  3852 | D:4      | Slain by a gnoll

Illustrated notes

Levels and vault maps discovered:
D:1:      dpeg_arrival_erosion, layout_loops_ring, serial_shops,
          nicolae_shop_behind_doors, nicolae_ecumenical_lake_church,
          serial_bayou_pond_e, hangedman_abyss_or_decor_lesser_grid
D:2:      layout_basic
D:3:      layout_rooms, nicolae_overflow_two_pavilions, serial_park_tiny_1,
          minmay_misc_feat_ornament
D:4:      cheibrodos_greedy_goblins, layout_cave_pools, uniq_natasha,
          uniq_edmund, uniq_ijyb

Skill      XL: |  1  2  3  4  5  6 |
---------------+-------------------+-----
Throwing       | 1 2 3 |  3.2
Long Blades    | 2 3 |  3.7
Dodging        | 2 3 |  3.5
Shapeshifting  | 1 2 |  2.0
Fighting       | |  1.7
Armour         | |  0.8
Spellcasting   | |  1.7
Translocations | |  2.6

Action                     |  1- 3 |  4- 6 || total
---------------------------+-------+-------++-------
  Melee: Falchion          |   161 |   154 ||   315
         Punch             |     1 |     6 ||     7
         Unarmed           |       |    18 ||    18
  Throw: Dart              |       |    12 ||    12
         Stone             |       |     2 ||     2
  Evoke: Wand              |       |     2 ||     2
    Use: Potion            |       |     1 ||     1
 Armour: Leather armour    |    50 |       ||    50
         Ring mail         |    37 |   118 ||   155
  Dodge: Dodged            |   102 |   120 ||   222
   Form: Beast             |       |     1 ||     1
